 Dungeon Crawl Stone Soup version 0.23.1-37-gaa34b87b72 (webtiles) character file.

Game seed: 7664119042445142904

326 Forgol the Poker (level 6, 0/47 HPs)
             Began as a Demonspawn Gladiator on Mar 22, 2019.
             Slain by an adder (1 damage)
             ... on level 4 of the Dungeon.
             The game lasted 00:08:49 (5048 turns).

Forgol the Poker (Demonspawn Gladiator)             Turns: 5048, Time: 00:08:49

Health: 0/47       AC: 14    Str: 16    XL:     6   Next: 24%
Magic:  6/6        EV:  7    Int: 10    God:
Gold:   148        SH:  4    Dex: 14    Spells: 5/5 levels left

rFire    + . .     SeeInvis .   a - +0 trident
rCold    . . .     Gourm    .   m - +0 buckler (curse)
rNeg     . . .     Faith    +   g - +0 chain mail (curse)
rPois    .         Spirit   .   c - +0 helmet
rElec    .         Reflect  .   (no cloak)
rCorr    .         Harm     .   t - +2 pair of gloves
MR       .....                  l - +0 pair of boots
Stlth    ..........             k - amulet of faith
HPRegen  0.15/turn              (no ring)
MPRegen  0.10/turn              (no ring)

@: no status effects
A: claws 1, fire resistance 1
a: no special abilities


You were on level 4 of the Dungeon.
You were not hungry.

You visited 1 branch of the dungeon, and saw 4 of its levels.

You collected 148 gold pieces.

Inventory:

Hand Weapons
 a - a +0 trident (weapon)
Missiles
 d - 4 throwing nets (quivered)
Armour
 c - a +0 helmet (worn)
 g - a cursed +0 chain mail (worn)
 l - a +0 pair of boots (worn)
 m - a cursed +0 buckler (worn)
 t - a +2 pair of gloves (worn)
Jewellery
 k - an amulet of faith (around neck)
Scrolls
 e - a scroll of remove curse {unknown}
 h - a scroll of fog
 i - 2 scrolls of magic mapping
 n - 4 scrolls of teleportation
Potions
 j - a potion of magic
 o - a potion of curing {unknown}
 p - a potion of mutation
 r - a potion of flight
 s - a potion of agility {unknown}
Comestibles
 b - 8 chunks of flesh
 f - 4 rations


   Skills:
 + Level 3.4 Fighting
 * Level 4.5 Polearms
 - Level 1.7 Throwing
 + Level 2.2 Armour
 - Level 3.2 Dodging
 + Level 1.4 Shields


You had 5 spell levels left.
You didn't know any spells.
Your spell library contained the following spells:

 Spells                   Type           Power        Failure   Level  Hunger
 Magic Dart               Conj           #...         100%        1    ##.....
 Blink                    Tloc           N/A          100%        2    ###....
 Call Imp                 Summ           #.......     100%        2    ###....
 Slow                     Hex            #.......     100%        2    ###....
 Conjure Flame            Conj/Fire      #.......     100%        3    ####...
 Mephitic Cloud           Conj/Pois/Air  #.......     100%        3    ####...


Dungeon Overview and Level Annotations

Branches:
Dungeon (4/15)
 Temple: D:4-7

Altars:
Fedhas
Ru


Innate Abilities, Weirdness & Mutations

You have sharp fingernails.
Your flesh is heat resistant. (rF+)


Message History

* * * LOW HITPOINT WARNING * * *
Unknown command.
You barely miss the orc priest. The adder bites you but does no damage.
The adder barely misses you.
The orc priest calls down the wrath of Beogh upon you.
Pain shoots through your body!
* * * LOW HITPOINT WARNING * * *
Something hits you but does no damage. The adder closely misses you.
You hit the orc priest.
The orc priest is lightly wounded.
The leopard gecko closely misses you. You block the adder's attack.
The giant cockroach waves its antennae.
The orc priest closely misses you. The adder bites you but does no damage.
Something hits you but does no damage. You block the leopard gecko's attack.
The adder bites you but does no damage. The orc barely misses you.
You closely miss the orc priest.
The orc priest is lightly wounded.
The giant cockroach bites you but does no damage.
The adder bites you.
You die...

#.....# ##....##..
#........ ####.>.#####
##..).<...#.# #
##...)###....##...
##....#.##.......$ ..
#........o{o..........
#...#...oS@l...#.#....
.^..#....Ss..###.#h..
............###.....#
..##.##..........#
###...........##...
###..#....%......
#......##......
......... .....
##.##.$.... ....


You could see an orc priest, an orc wizard, 2 adders, an orc, a leopard gecko
and a giant cockroach.

Vanquished Creatures
  A howler monkey (D:4)
  A bullfrog skeleton (D:3)
  A worker ant (D:4)
  2 orc wizards
  3 gnolls (D:3)
  5 adders
  An ooze (D:1)
  An adder skeleton (D:4)
  2 worms
  A dart slug (D:1)
  2 leopard geckos (D:3)
  8 orcs
  5 giant cockroaches
  10 goblins
  5 hobgoblins
  2 jackals (D:1)
  2 quokkas (D:2)
  A ball python (D:1)
  7 bats
  7 frilled lizards
  4 kobolds
  29 rats
100 creatures vanquished.

Notes
Turn   | Place    | Note
-------+----------+-------------------------------------------
     0 | D:1      | Forgol the Demonspawn Gladiator began the quest for the
                  | Orb.
     0 | D:1      | Reached XP level 1. HP: 16/16 MP: 1/1
   466 | D:1      | Gained mutation: Your flesh is heat resistant. (rF+)
                  | [demonic ancestry]
   466 | D:1      | Reached XP level 2. HP: 15/22 MP: 2/2
   469 | D:1      | Reached skill level 3 in Polearms
  1465 | D:2      | Reached XP level 3. HP: 26/28 MP: 3/3
  1681 | D:2      | Reached skill level 1 in Armour
  2002 | D:2      | Reached XP level 4. HP: 21/34 MP: 4/4
  2909 | D:3      | Found a blossoming altar of Fedhas.
  3354 | D:3      | Reached XP level 5. HP: 15/40 MP: 5/5
  3680 | D:3      | Found a sacrificial altar of Ru.
  3826 | D:3      | Reached skill level 4 in Polearms
  4328 | D:3      | Reached skill level 1 in Shields
  5024 | D:4      | Gained mutation: You have sharp fingernails. [demonic
                  | ancestry]
  5024 | D:4      | Reached XP level 6. HP: 30/47 MP: 6/6
  5046 | D:4      | HP: 1/47 [orc priest/nerve-wracking pain (4)]
  5048 | D:4      | Slain by an adder

Skill      XL: |  1  2  3  4  5 |
---------------+----------------+-----
Polearms       | 3 4 |  4.5
Dodging        | 3 |  3.2
Armour         | 1 2 |  2.2
Fighting       | 3 |  3.4
Shields        | 1 |  1.4
Throwing       | |  1.7

Action                   |  1- 3 |  4- 6 || total
-------------------------+-------+-------++-------
Melee: Trident           |   179 |   220 ||   399
  Use: Scroll            |     6 |     4 ||    10
       Potion            |       |     4 ||     4
  Eat: Chunk             |     4 |     6 ||    10
       Ration            |       |     1 ||     1
Armor: Leather armour    |    14 |       ||    14
       Chain mail        |    68 |   170 ||   238
Dodge: Dodged            |    75 |    79 ||   154
Block: Buckler           |       |    26 ||    26
